 Dungeon Crawl Stone Soup version 0.30.0-29-ga12c61a403 (webtiles) character file.

Game seed: 4207613918993501049

39866 cheesebisquit the Brawler (level 13, -2/133 HPs)
             Began as a Troll Fighter on June 11, 2023.
             Was a High Priest of Wu Jian.
             Slain by a merfolk
             ... wielding a +0 trident
              (19 damage)
             ... on level 2 of the Lair of Beasts.
             The game lasted 00:47:47 (12402 turns).

cheesebisquit the Brawler (Troll Fighter)          Turns: 12402, Time: 00:47:48

Health: -2/133     AC:  7    Str: 27    XL:     13   Next: 71%
Magic:  12/12      EV: 14    Int:  8    God:    Wu Jian [*****.]
Gold:   813        SH:  0    Dex: 21    Spells: 6/12 levels left

rFire   . .          .
                       - Unarmed
rCold   . . .        b - +3 kite shield
rNeg    . . .        a - +0 robe
rPois   .            (helmet restricted)
rElec   .            U - +2 cloak
rCorr   .            (gloves unavailable)
SInv    .            (boots unavailable)
Will    .....        w - amulet of regeneration
Stlth   +            z - +6 ring of dexterity
HPRegen 2.02/turn    A - +6 ring of dexterity
MPRegen 0.13/turn

%: no passive effects
@: confused, ambrosia-drunk, mesmerised
A: large, unfitting armour, claws 3, regeneration 1, shaggy fur 1, tough skin 1
a: Renounce Religion, Wall Jump, Serpent's Lash, Heavenly Storm


You were on level 2 of the Lair of Beasts.
You worshipped Wu Jian.
Wu Jian was extremely pleased with you.
You visited 3 branches of the dungeon, and saw 17 of its levels.

You collected 993 gold pieces.
You spent 180 gold pieces at shops.

Inventory:

Missiles
 d - 4 javelins
 s - 38 poisoned darts (quivered)
 y - 3 throwing nets
 S - 10 large rocks
 T - 2 boomerangs
Armour
 a - a +0 robe (worn)
 b - a +3 kite shield (worn)
 O - the orb of Fashionability {light, rC+ Int-3 Slay+2 SInv}
   (You found it on level 9 of the Dungeon)

   Int:       It affects your intelligence (-3).
   Slay:      It affects your accuracy & damage with ranged weapons and melee
   (+2).
   rC:        It protects you from cold.
   SInv:      It lets you see invisible.
 U - a +2 cloak (worn)
Jewellery
 e - a ring of magical power
 h - a ring of see invisible
 n - the ring of the Garden {Fire rN+ Str-4 Dex+2 Stlth+}
   (You found it on level 9 of the Dungeon)

   [ring of fire]

   It enhances your fire magic.
   Str:       It affects your strength (-4).
   Dex:       It affects your dexterity (+2).
   rF:        It protects you from fire.
   rC:        It makes you vulnerable to cold.
   rN:        It protects you from negative energy.
   Stlth:     It makes you more stealthy.
 p - an amulet of the acrobat
 w - an amulet of regeneration (around neck)
 x - a ring of ice
 z - a +6 ring of dexterity (left claw)
 A - a +6 ring of dexterity (right claw)
 K - a ring of flight
 M - a ring of protection from fire
 P - a ring of wizardry
 Q - an amulet of magic regeneration
Wands
 o - a wand of mindburst (12)
 G - a wand of flame (28)
 H - a wand of paralysis (18)
 L - a wand of polymorph (14)
 N - a wand of roots (8)
Scrolls
 c - 2 scrolls of blinking
 f - 2 scrolls of magic mapping
 j - a scroll of enchant weapon {unknown}
 m - a scroll of fog {unknown}
 r - 4 scrolls of immolation
 t - a scroll of torment {unknown}
 B - a scroll of brand weapon {unknown}
 D - a scroll of amnesia {unknown}
 E - a scroll of vulnerability {unknown}
 F - a scroll of fear {unknown}
 I - 8 scrolls of poison
 R - 3 scrolls of teleportation
Potions
 g - 2 potions of lignification
 i - 4 potions of brilliance
 k - 2 potions of mutation {unknown}
 l - a potion of flight
 q - a potion of attraction
 u - 3 potions of cancellation
 v - a potion of ambrosia
 C - a potion of magic
 J - a potion of invisibility


   Skills:
 + Level 9.9 Fighting
 + Level 8.3 Dodging
 + Level 10.7 Shields
 * Level 15.7 Unarmed Combat


You had 6 spell levels left.
You knew the following spells:

 Your Spells              Type           Power      Damage    Failure   Level
a - Statue Form           Tmut/Erth      0%         N/A       100%        6

Your spell library contained the following spells:

 Spells                   Type           Power      Damage    Failure   Level
 Apportation              Tloc           0%         N/A       56%         1
 Magic Dart               Conj           0%         1d3       56%         1
 Call Imp                 Summ           0%         N/A       71%         2
 Sublimation of Blood     Necr           0%         N/A       71%         2
 Wereblood                Tmut           0%         N/A       71%         2
 Inner Flame              Hex/Fire       0%         N/A       91%         3
 Mephitic Cloud           Conj/Pois/Air  0%         N/A       91%         3
 Flame Wave               Conj/Fire      0%         2d4       100%        4
 Leda's Liquefaction      Hex/Erth       0%         N/A       100%        4
 Olgreb's Toxic Radiance  Pois           0%         N/A       100%        4
 Sticky Flame             Conj/Fire      0%         2d3       100%        4
 Alistair's Intoxication  Tmut/Pois      0%         N/A       100%        5
 Lee's Rapid Deconstruct  Erth           0%         3d4*      100%        5
 Summon Hydra             Summ           0%         N/A       100%        7
 Borgnjor's Revivificati  Necr           0%         N/A       100%        8
 Discord                  Hex            0%         N/A       100%        8
 Ignition                 Fire           0%         3d3       100%        8
 Necromutation            Tmut/Necr      0%         N/A       100%        8
 Death's Door             Necr           0%         N/A       100%        9


Dungeon Overview and Level Annotations

Branches:
Dungeon (14/15)            Temple (1/1) D:5            Lair (2/5) D:9
 Shoals (0/4) Lair:2        Snake (0/4) Lair:2          Orc (0/2) D:10
 Vaults (0/5) D:13

Altars:
Ashenzari
Cheibriados
Dithmenos
Elyvilon
Fedhas
Gozag
Hepliaklqana
Kikubaaqudgha
Makhleb
Okawaru
Qazlal
Ru
Sif Muna
Trog
Uskayaw
Vehumet
Wu Jian
Xom
Yredelemnul
Zin
The Shining One

Shops:
D:9 (**   D:11 [

Annotations:
D:11 3 runed translucent doors, BONEBRO's ghost, journeyman MiFi
Lair:1 1 runed translucent door


Innate Abilities, Weirdness & Mutations

You are too large for most types of armour.
You have claws for hands.
Your natural rate of healing is unusually fast.
You are covered in fur. (AC +1)
You have tough skin. (AC +1)


Message History

The merfolk hits you but does no damage.
The merfolk misses you.
You closely miss the merfolk.
The merfolk is lightly wounded.
The merfolk hits you from afar with a +0 trident!!
You block the merfolk's attack.
You lunge at the merfolk siren.
You scratch the merfolk siren but do no damage.
You spin and attack the merfolk.
You barely miss the merfolk.
The merfolk is lightly wounded.
You block the merfolk siren's attack. The merfolk hits you with a +0 trident.
The merfolk closely misses you.
You are confused.
You feel invigorated.
The merfolk siren chants a haunting song.
You are mesmerised by the merfolk siren!
The merfolk misses you. The merfolk hits you with a +0 trident.
The merfolk attacks as you move away!
The merfolk hits you with a +0 trident!!
* * * LOW HITPOINT WARNING * * *
The merfolk siren hits you but does no damage.
The merfolk hits you with a +0 trident!
* * * LOW HITPOINT WARNING * * *
The merfolk closely misses you.
You bump into the rock wall.
The merfolk siren hits you from afar with a +0 spear!
* * * LOW HITPOINT WARNING * * *
The merfolk hits you but does no damage.
The merfolk hits you with a +0 trident!
* * * LOW HITPOINT WARNING * * *
You barely miss the fungus.
The merfolk siren chants its luring song.
The merfolk hits you with a +0 trident!
* * * LOW HITPOINT WARNING * * *
The merfolk hits you with a +0 trident.
* * * LOW HITPOINT WARNING * * *
The merfolk siren chants its luring song.
The merfolk attacks as you move away!
The merfolk hits you with a +0 trident!!
You die...

### ##... ##..#>#
...~~~~ ###.~~~###
#.)~.###.# ##..###....
#.mmP#..##. ..
######..@m...#......
#.#.###.#.P...# ....
##.........#..###....
##....................
#.....................
#.....................
#................#....
#..........###........
##........####...#...#


You could see 2 merfolk and a merfolk siren (mesmerising).

Vanquished Creatures
  Jorgrun (D:13)
  3 vault guards (D:13)
  5 centaur warriors (D:13)
  2 two-headed ogres
  2 boulder beetles
  Nergalle (Lair:1)
  4 lindwurms (D:9)
  2 manticores (D:12)
  4 ugly things
  2 cyclopes (D:12)
  A black mamba (shapeshifter) (D:13)
  5 gargoyles
  6 cane toads
  3 komodo dragons
  A torpor snail (Lair:1)
  A kobold demonologist (D:10)
  A rime drake (Lair:1)
  3 trolls
  A queen bee (Lair:2)
  A merfolk (Lair:2)
  Grinder (D:6)
  A hornet (D:8)
  A centaur simulacrum (D:12)
  7 slime creatures
  A shadow (D:10)
  A vampire (D:12)
  A wraith (D:12)
  3 wyverns
  9 humans (D:13)
  A steam dragon (D:8)
  3 vampire mosquitoes (D:11)
  35 yaks
  3 acid dragons
  8 water moccasins
  A sky beast (D:7)
  4 ice beasts
  5 black bears
  14 orc warriors
  7 ogres
  4 wolves (D:9)
  A phantom (D:6)
  8 centaurs
  4 kobold brigands
  8 bullfrogs
  Blork the orc (D:4)
  2 gnoll sergeants
  3 scorpions
  4 wights (D:5)
  42 killer bees
  9 howler monkeys
  3 electric eels (D:9)
  5 orc priests
  6 hounds
  4 sleepcaps
  Terence (D:2)
  Natasha (thrice) (D:4)
  5 iguanas
  7 orc wizards
  5 adders
  22 gnolls
  A shadow imp (D:7)
  4 white imps
  2 ufetubi
  2 worms (D:2)
  5 dart slugs
  36 orcs
  5 ball pythons
  7 bats
  3 endoplasms
  3 giant cockroaches
  6 goblins
  5 hobgoblins
  6 jackals (D:4)
  30 kobolds
  5 quokkas
  4 frilled lizards (D:2)
  6 rats
432 creatures vanquished.

Notes
Turn   | Place    | Note
-------+----------+-------------------------------------------
     0 | D:1      | cheesebisquit the Troll Fighter began the quest for the
                  | Orb.
     0 | D:1      | Reached XP level 1. HP: 22/22 MP: 0/0
   194 | D:1      | Reached XP level 2. HP: 29/29 MP: 1/1
   854 | D:2      | Reached XP level 3. HP: 36/36 MP: 2/2
   924 | D:2      | Reached skill level 3 in Unarmed Combat
  1078 | D:2      | Noticed Terence
  1083 | D:2      | Killed Terence
  1084 | D:2      | Reached XP level 4. HP: 40/44 MP: 3/3
  1110 | D:2      | Found a white marble altar of Elyvilon.
  1513 | D:3      | You fall into a shaft and drop 3 floors!
  1513 | D:6      | Found a radiant altar of Vehumet.
  1514 | D:6      | Noticed a black bear
  1528 | D:5      | Entered Level 5 of the Dungeon
  1528 | D:5      | Found a staircase to the Ecumenical Temple.
  1536 | Temple   | Entered the Ecumenical Temple
  1543 | Temple   | Became a worshipper of the Wu Jian Council
  1604 | D:5      | Noticed a black bear
  1616 | D:5      | Killed a black bear
  1617 | D:5      | Reached skill level 4 in Unarmed Combat
  1617 | D:5      | Reached XP level 5. HP: 48/53 MP: 4/4
  1667 | D:4      | Noticed Natasha
  1669 | D:4      | Killed Natasha
  1670 | D:4      | Reached XP level 6. HP: 61/61 MP: 5/5
  1687 | D:4      | Noticed Natasha
  1697 | D:4      | Killed Natasha
  1704 | D:4      | Noticed Natasha
  1707 | D:4      | Killed Natasha
  1708 | D:4      | Reached skill level 5 in Unarmed Combat
  1917 | D:3      | Reached * piety under Wu Jian
  1941 | D:3      | Reached XP level 7. HP: 68/68 MP: 6/6
  2270 | D:3      | Reached skill level 6 in Unarmed Combat
  2291 | D:3      | Reached ** piety under Wu Jian
  2317 | D:3      | Found a sacrificial altar of Ru.
  2595 | D:3      | Found a faded altar of an unknown god.
  2911 | D:4      | Noticed Blork the orc
  2919 | D:4      | Killed Blork the orc
  3391 | D:5      | Reached skill level 5 in Shields
  3391 | D:5      | Reached XP level 8. HP: 71/79 MP: 7/7
  3432 | D:5      | Reached skill level 7 in Unarmed Combat
  3434 | D:5      | Found a broken altar of Ashenzari.
  3493 | D:5      | Reached skill level 5 in Fighting
  3551 | D:5      | Reached skill level 8 in Unarmed Combat
  3701 | D:5      | Found a hide-covered altar of Uskayaw.
  3701 | D:5      | Found an ancient bone altar of Kikubaaqudgha.
  3748 | D:6      | Noticed Grinder
  3766 | D:6      | Killed Grinder
  3792 | D:6      | Reached XP level 9. HP: 75/88 MP: 8/8
  3979 | D:6      | Reached skill level 9 in Unarmed Combat
  4057 | D:6      | Found a glowing silver altar of Zin.
  4082 | D:6      | Found a bloodstained altar of Trog.
  4278 | D:6      | Found a hazy altar of Hepliaklqana.
  4549 | D:7      | Reached *** piety under Wu Jian
  4982 | D:7      | Reached skill level 10 in Unarmed Combat
  4989 | D:7      | Learned a level 6 spell: Statue Form
  5030 | D:7      | Found a hazy altar of Hepliaklqana.
  5301 | D:8      | Reached XP level 10. HP: 93/100 MP: 9/9
  5459 | D:8      | Noticed a gargoyle
  5468 | D:8      | Killed a gargoyle
  6036 | D:9      | Found Sofiutz's Assorted Antiques.
  6044 | D:9      | Bought a sharpened ivory wand for 120 gold pieces
  6044 | D:9      | Bought a scroll of identify for 60 gold pieces
  6048 | D:9      | Identified the orb of Fashionability {light, rC+ Int-3
                  | Slay+2 SInv}
  6061 | D:9      | Reached **** piety under Wu Jian
  6169 | D:9      | Noticed a lindwurm
  6190 | D:9      | Noticed a lindwurm
  6193 | D:9      | Noticed a lindwurm
  6193 | D:9      | Noticed a lindwurm
  6197 | D:9      | Killed a lindwurm
  6198 | D:9      | Reached skill level 11 in Unarmed Combat
  6243 | D:9      | Found a glowing golden altar of the Shining One.
  6261 | D:9      | Noticed a two-headed ogre
  6399 | D:9      | Found Vaaqydwe's General Store.
  6437 | D:9      | Killed a two-headed ogre
  6438 | D:9      | Reached skill level 5 in Dodging
  6480 | D:9      | Found a staircase to the Lair.
  6594 | D:9      | Reached XP level 11. HP: 109/109 MP: 10/10
  6715 | D:9      | Found Ebbiogec's Weapon Shoppe.
  6945 | D:9      | Killed a lindwurm
  6948 | D:9      | Killed a lindwurm
  6949 | D:9      | Reached skill level 12 in Unarmed Combat
  6955 | D:9      | Killed a lindwurm
  6983 | D:9      | Identified the ring of the Garden {Fire rN+ Str-4 Dex+2
                  | Stlth+}
  6999 | D:10     | Entered Level 10 of the Dungeon
  7857 | D:10     | Found a staircase to the Orcish Mines.
  8073 | D:11     | Noticed a brown ugly thing
  8073 | D:11     | Noticed a purple ugly thing
  8088 | D:10     | Killed a brown ugly thing
  8130 | D:10     | Killed a purple ugly thing
  8191 | D:11     | Reached ***** piety under Wu Jian
  8341 | D:11     | Found a runed translucent gate.
  8341 | D:11     | Found a runed translucent gate.
  8341 | D:11     | Found a runed translucent gate.
  8344 | D:11     | Found a gate leading to a gauntlet.
  8351 | D:11     | Noticed a two-headed ogre
  8360 | D:11     | Killed a two-headed ogre
  8557 | D:11     | Noticed BONEBRO's ghost (journeyman MiFi)
  8585 | D:11     | Reached skill level 13 in Unarmed Combat
  8608 | D:11     | Found Rexkoru's Armour Shoppe.
  9022 | D:12     | Reached XP level 12. HP: 119/120 MP: 11/11
  9049 | D:12     | Noticed a boulder beetle
  9057 | D:12     | Killed a boulder beetle
  9972 | D:13     | Noticed a centaur warrior
 10016 | D:13     | Noticed a vault guard
 10017 | D:13     | Noticed a vault guard
 10019 | D:13     | Noticed a vault guard
 10021 | D:13     | Reached skill level 14 in Unarmed Combat
 10033 | D:13     | Killed a vault guard
 10051 | D:13     | Killed a vault guard
 10062 | D:13     | Killed a vault guard
 10116 | D:13     | Found a gate to the Vaults.
 10186 | D:13     | Noticed a centaur warrior
 10228 | D:13     | Noticed a boulder beetle
 10318 | D:13     | Killed a boulder beetle
 10359 | D:13     | Noticed Jorgrun
 10359 | D:13     | Noticed a centaur warrior
 10361 | D:13     | Noticed a centaur warrior
 10369 | D:13     | Killed a centaur warrior
 10370 | D:13     | Reached skill level 10 in Shields
 10370 | D:13     | Reached XP level 13. HP: 110/131 MP: 12/12
 10386 | D:13     | Killed Jorgrun
 10655 | D:13     | Reached skill level 15 in Unarmed Combat
 11048 | Lair:1   | Entered Level 1 of the Lair of Beasts
 11184 | Lair:1   | Noticed Nergalle
 11191 | Lair:1   | Killed Nergalle
 11591 | Lair:1   | Noticed a dire elephant
 11612 | Lair:1   | Found a runed translucent door.
 11988 | Lair:1   | HP: 9/199 [killer bee (7)]
 11995 | Lair:1   | HP: 8/199 [killer bee (4)]
 12000 | Lair:1   | HP: 8/199 [poisoned by a killer bee]
 12119 | Lair:2   | Found a staircase to the Snake Pit.
 12383 | Lair:2   | Found a staircase to the Shoals.
 12402 | Lair:2   | Slain by a merfolk

Illustrated notes

Levels and vault maps discovered:
D:1:      psy_arrival_dodecagon, layout_basic
D:2:      layout_loops_ring, basic_altar, st_stairs_2, uniq_terence
D:3:      layout_loops_ring, nicolae_ru_awakened_eye,
          shapermc_ecumenical_altar_mp_vishouse, hangedman_decor_diamond_cutter
D:4:      layout_loops_cross, minmay_circle_x, uniq_natasha, uniq_blork_the_orc
D:5:      layout_rooms, nicolae_overflow_hidden_temple, temple_fountains
D:6:      layout_rooms, nicolae_vehumet_radiance, zin_treasury,
          mainiacjoe_overflow_catwalk_spiral, serial_curves, eino_curves_01,
          eino_curves_02, hellmonk_no_cap, uniq_grinder
D:7:      layout_rooms, minmay_misc_feat_tower, minmay_ruined_shrine
D:8:      layout_rooms
D:9:      layout_basic, mainiacjoe_overflow_24_doors, erik_lair_island,
          serial_shops, shop_fountains, nicolae_shop_window_shopping, shop,
          minmay_lindwurm_lava
D:10:     layout_stronghold, orc_0_dummy
D:11:     layout_long_grid, gammafunk_ghost_icy, gauntlet_entry_generic,
          serial_shops, shop
D:12:     layout_loops_ring
D:13:     layout_roguey [special_room_orc], ximxim_vaults_locker_room,
          minmay_statues_item, uniq_jorgrun
D:14:     layout_roguey, tso_altar, uniq_roxanne
Temple:   nicolae_temple_no_exploring_needed
Lair:1:   gammafunk_lair_enchanted_lake, layout_chaotic_city,
          chequers_serial_rivers_marsh, uniq_nergalle
Lair:2:   layout_gridlike, elwin_shoals_entry_stream, dummy_snake_entry,
          special_room [special_room_bee], infiniplex_staircase_pool

Skill      XL: |  1  2  3  4  5  6  7  8  9 10 11 12 13 |
---------------+----------------------------------------+-----
Shields        | 3 4 5 6 7 9 10 | 10.7
Unarmed Combat | 3 4 5 6 8 10 11 13 14 15 | 15.7
Fighting       | 3 4 5 6 7 8 9 |  9.9
Dodging        | 3 5 6 7 8 |  8.3

Action                     |  1- 3 |  4- 6 |  7- 9 | 10-12 | 13-15 || total
---------------------------+-------+-------+-------+-------+-------++-------
  Melee: Unarmed           |    86 |   102 |   316 |   608 |   292 ||  1404
  Throw: Dart              |       |       |    12 |    93 |     9 ||   114
 Invoke: Heavenly Storm    |       |       |       |     1 |       ||     1
Ability: Lunge             |       |    12 |    34 |    50 |    15 ||   111
         Whirlwind         |       |       |     2 |     5 |    21 ||    28
    Use: Scroll            |       |     4 |     8 |    11 |     2 ||    25
         Potion            |       |     1 |     5 |    14 |     9 ||    29
   Stab: Sleeping          |       |       |     4 |     4 |     1 ||     9
         Distracted        |       |       |     2 |       |     2 ||     4
         Invisible         |       |       |       |     1 |       ||     1
 Armour: Robe              |    20 |    12 |    30 |    52 |    32 ||   146
         Skin              |       |       |       |       |    65 ||    65
  Dodge: Dodged            |    14 |    32 |    76 |   179 |   147 ||   448
  Block: Kite shield       |    19 |    41 |   121 |   313 |   261 ||   755
